 Dungeon Crawl Stone Soup version 0.27-a0-1196-g3e9cee4 (webtiles) character file.

Game seed: 10405445893951793881

89 GeorgeSoros the Fighter (level 4, 0/67 HPs)
             Began as a Gnoll Wanderer on May 29, 2021.
             Slain by a gnoll
             ... wielding a +2 spear of venom
              (1 damage)
             ... on level 2 of the Dungeon.
             The game lasted 00:02:47 (1068 turns).

GeorgeSoros the Fighter (Gnoll Wanderer)            Turns: 1068, Time: 00:02:48

Health: 0/67       AC: 22    Str: 13    XL:     4   Next: 55%
Magic:  5/5        EV:  2    Int: 11    God:
Gold:   77         SH:  0    Dex: 11    Spells: 5/5 levels left

rFire    . . .     SeeInvis .   a - +2 hand axe
rCold    . . .     Faith    .   (no shield)
rNeg     + + +     Spirit   .   (armour currently unavailable)
rPois    +         Reflect  .   (helmet currently unavailable)
rElec    .         Harm     .   (cloak currently unavailable)
rCorr    .         Rampage  .   (gloves currently unavailable)
Will     .....     NoTele   +   (boots currently unavailable)
Stlth    ++........             (no amulet)
HPRegen  0.21/turn              (no ring)
MPRegen  0.09/turn              (no ring)

@: brilliant, lethally poisoned (0 -> -22), tree-form
A: stationary, stasis, torment immunity, boosted hp, (fangs 1), strong nose,
distributed training
a: no special abilities


You were on level 2 of the Dungeon.
You were a tree.
You visited 1 branch of the dungeon, and saw 2 of its levels.

You collected 77 gold pieces.

Inventory:

Hand Weapons
 a - a +2 hand axe (weapon)
 h - a +0 trident
Missiles
 f - 8 poisoned darts (quivered)
Armour
 b - a +0 ring mail
 d - a +0 chain mail (melded)
Potions
 g - a potion of mutation
 i - a potion of curing {unknown}


   Skills:
 + Level 8.6 Fighting
 + Level 1.2 Short Blades
 + Level 1.2 Long Blades
 + Level 4.6 Axes
 + Level 1.2 Maces & Flails
 + Level 1.2 Polearms
 + Level 1.2 Staves
 + Level 1.2 Slings
 + Level 1.2 Bows
 + Level 1.2 Crossbows
 + Level 1.2 Throwing
 + Level 4.6 Armour
 + Level 1.2 Dodging
 + Level 1.2 Stealth
 + Level 2.8 Shields
 + Level 1.2 Unarmed Combat
 + Level 1.2 Spellcasting
 + Level 1.0 Conjurations
 + Level 1.0 Hexes
 + Level 1.0 Summonings
 + Level 1.0 Necromancy
 + Level 1.0 Translocations
 + Level 1.0 Transmutations
 + Level 1.0 Fire Magic
 + Level 1.0 Ice Magic
 + Level 1.0 Air Magic
 + Level 1.0 Earth Magic
 + Level 1.0 Poison Magic
 + Level 1.3 Invocations
 + Level 2.8 Evocations


You had 5 spell levels left.
You didn't know any spells.
Your spell library was empty.

Dungeon Overview and Level Annotations

Branches:
Dungeon (2/15)

Altars:


Innate Abilities, Weirdness & Mutations

You are a tree.
Your roots penetrate the ground, keeping you stationary.
You cannot be teleported.
You are immune to unholy pain and torment.
Your maximum health is greatly increased.
Your equipment is partially melded.
((You have very sharp teeth.))
Your uncanny sense of smell can sniff out nearby items.
Your experience applies equally to all skills.


Message History

The gnoll hits you but does no damage.
You are more poisoned.
You hit the gnoll.
The gnoll is lightly wounded.
You feel very sick. The gnoll hits you but does no damage.
You barely miss the gnoll.
The gnoll is lightly wounded.
You feel very sick.
The gnoll hits you with a +2 spear of venom.
You are lethally poisoned!
The gnoll hits you with a +2 spear of venom.
You are more poisoned.
Throw: 9 darts (poison)
Press: ? - help, Q - select action Shift-Dir - straight line, f/p - gnoll
Aim: a gnoll, wielding a +2 spear of venom (lightly wounded, 64% to hit)
You throw a poisoned dart. The poisoned dart hits the gnoll.
The gnoll is poisoned.
The gnoll is lightly wounded.
* * * LOW HITPOINT WARNING * * *
You feel extremely sick.
The gnoll hits you with a +2 spear of venom.
* * * LOW HITPOINT WARNING * * *
You are more poisoned.
Really quaff the potion of lignification?
Okay, then.
Really quaff the potion of lignification?
You turn into a tree.
Your +0 chain mail melds into your body.
Your roots penetrate the ground.
* * * LOW HITPOINT WARNING * * *
You feel extremely sick. The gnoll hits you but does no damage.
Unknown command.
It was a potion of brilliance.
You feel clever all of a sudden.
* * * LOW HITPOINT WARNING * * *
You feel very sick.
The gnoll hits you with a +2 spear of venom.
You die...

######### #.....)
........###..>.. ..
.......[........ .# ###
........###.##.# .#
.(.. ............##.#
.#....
........#....#.##.#..♣
.......##.##....#.'..♣
..........####...g#
.........## #..♣.#
...........####.).#
......#.........†.#
...†).#.#....(.......
.....##.#........#.....
(.....#....###.#.......
.....†[...# #.#.......
......<##.# #....$....
.......# ..##.....##..


You could see a gnoll (poisoned).

Vanquished Creatures
  Jessica (D:2)
  A gnoll (D:1)
  An adder (D:2)
  A dart slug (D:2)
  5 endoplasms
  A giant cockroach (D:1)
  7 hobgoblins (D:1)
  2 jackals (D:1)
  A quokka (D:2)
  3 ball pythons
  4 bats (D:1)
  2 frilled lizards
  4 goblins
  6 kobolds
  3 rats
42 creatures vanquished.

Notes
Turn   | Place    | Note
-------+----------+-------------------------------------------
     0 | D:1      | GeorgeSoros the Gnoll Wanderer began the quest for the Orb.
     0 | D:1      | GeorgeSoros set off with the following items: a +2 hand
                  | axe, a +0 ring mail, a potion of lignification
     0 | D:1      | Reached XP level 1. HP: 26/26 MP: 1/1
   222 | D:1      | Reached XP level 2. HP: 33/33 MP: 2/2
   486 | D:1      | Reached XP level 3. HP: 38/38 MP: 3/3
   865 | D:2      | Noticed Jessica
   867 | D:2      | Killed Jessica
   868 | D:2      | Reached skill level 1 in Short Blades
   868 | D:2      | Reached skill level 1 in Long Blades
   868 | D:2      | Reached skill level 1 in Maces & Flails
   868 | D:2      | Reached skill level 1 in Polearms
   868 | D:2      | Reached skill level 1 in Staves
   868 | D:2      | Reached skill level 1 in Slings
   868 | D:2      | Reached skill level 1 in Bows
   868 | D:2      | Reached skill level 1 in Crossbows
   868 | D:2      | Reached skill level 1 in Throwing
   868 | D:2      | Reached skill level 1 in Dodging
   868 | D:2      | Reached skill level 1 in Stealth
   868 | D:2      | Reached skill level 1 in Unarmed Combat
   868 | D:2      | Reached skill level 1 in Spellcasting
   868 | D:2      | Reached skill level 1 in Invocations
   868 | D:2      | Reached XP level 4. HP: 45/45 MP: 5/5
  1060 | D:2      | Reached skill level 1 in Conjurations
  1060 | D:2      | Reached skill level 1 in Hexes
  1060 | D:2      | Reached skill level 1 in Summonings
  1060 | D:2      | Reached skill level 1 in Necromancy
  1060 | D:2      | Reached skill level 1 in Translocations
  1060 | D:2      | Reached skill level 1 in Transmutations
  1060 | D:2      | Reached skill level 1 in Fire Magic
  1060 | D:2      | Reached skill level 1 in Ice Magic
  1060 | D:2      | Reached skill level 1 in Air Magic
  1060 | D:2      | Reached skill level 1 in Earth Magic
  1060 | D:2      | Reached skill level 1 in Poison Magic
  1068 | D:2      | HP: 1/67 [poisoned by a gnoll]
  1068 | D:2      | Slain by a gnoll

Illustrated notes

Levels and vault maps discovered:
D:1:      amcnicky_arrival_double_pillar, layout_loops_ring,
          chequers_serial_rivers_micro_a
D:2:      layout_rooms, hellmonk_ecumenical_altar_inner_sanctum, uniq_terence,
          uniq_jessica, uniq_sigmund

Skill      XL: |  1  2  3  4 |
---------------+-------------+-----
Short Blades   | 1 |  1.2
Long Blades    | 1 |  1.2
Maces & Flails | 1 |  1.2
Polearms       | 1 |  1.2
Staves         | 1 |  1.2
Slings         | 1 |  1.2
Bows           | 1 |  1.2
Crossbows      | 1 |  1.2
Throwing       | 1 |  1.2
Dodging        | 1 |  1.2
Stealth        | 1 |  1.2
Unarmed Combat | 1 |  1.2
Spellcasting   | 1 |  1.2
Invocations    | 1 |  1.3
Conjurations   | 1 |  1.0
Hexes          | 1 |  1.0
Summonings     | 1 |  1.0
Necromancy     | 1 |  1.0
Translocations | 1 |  1.0
Transmutations | 1 |  1.0
Fire Magic     | 1 |  1.0
Ice Magic      | 1 |  1.0
Air Magic      | 1 |  1.0
Earth Magic    | 1 |  1.0
Poison Magic   | 1 |  1.0
Fighting       | |  8.6
Axes           | |  4.6
Armour         | |  4.6
Shields        | |  2.8
Evocations     | |  2.8

Action                   |  1- 3 |  4- 6 || total
-------------------------+-------+-------++-------
Melee: Hand axe          |    67 |    38 ||   105
       Bite              |     5 |     1 ||     6
Throw: Dart              |       |     3 ||     3
  Use: Scroll            |     1 |     1 ||     2
       Potion            |       |     2 ||     2
Armor: Chain mail        |    41 |    41 ||    82
       Skin              |       |     1 ||     1
Dodge: Dodged            |    21 |    14 ||    35

Table legend: (Time is in decaauts)
 A = Elapsed time spent in this place.
 B = Non-inter-level travel time spent in this place.
 C = Inter-level travel time spent in this place.
 D = Time resting spent in this place.
 E = Time spent auto-exploring this place.
 F = Levels seen in this place.
 G = Mean time per level.
                   A        B        C        D        E       F      G
               +--------+--------+--------+--------+--------+-----+--------+
         Total |   1078 |   1023 |     55 |     24 |    757 |   2 |  539.0 |
       Dungeon |   1078 |   1023 |     55 |     24 |    757 |   2 |  539.0 |
               +--------+--------+--------+--------+--------+-----+--------+

Top non-repeatable levels by time:
     D:1: 878 daAuts
     D:2: 199 daAuts
